 Dungeon Crawl Stone Soup version 0.26-a0-1222-g14533b3512 (webtiles) character file.

Game seed: 3371492101071557489

220108 HoaS the Executioner (level 18, -2/178 HPs)
             Began as a Minotaur Gladiator on Dec 31, 2020.
             Was the Champion of Makhleb.
             Killed from afar by Nikola (25 damage)
             ... with a chain lightning
             ... on level 4 of the Snake Pit.
             The game lasted 01:14:23 (28258 turns).

HoaS the Executioner (Minotaur Gladiator)          Turns: 28258, Time: 01:14:24

Health: -2/178     AC: 33    Str: 23    XL:     18   Next: 46%
Magic:  17/17      EV: 21    Int:  4    God:    Makhleb [******]
Gold:   1650       SH:  5    Dex: 19    Spells: 17/17 levels left

rFire    . . .     SeeInvis .   j - +8 frozen axe "Frostbite" {freezing cloud, *Noise +Fly rC+}
rCold    + . .     Faith    .   (shield currently unavailable)
rNeg     + . .     Spirit   .   Q - +1 plate armour {Will+}
rPois    +         Reflect  +   d - +2 hat
rElec    .         Harm     .   v - +2 ratskin cloak {*Rats rPois rN+ Str-1 Int-1 Dex+1}
rCorr    .         Rampage  .   J - +2 pair of gloves {Dex+3}
Will     ++...                  T - +0 pair of boots
Stlth    ..........             g - amulet of reflection
HPRegen  0.39/turn              y - +4 ring of evasion
MPRegen  0.15/turn              D - +4 ring of protection

@: no status effects
A: retaliatory headbutt, horns 2
}: 1/15 runes: decaying
a: Renounce Religion, Evoke Flight, Minor Destruction, Lesser Servant of
Makhleb, Major Destruction, Greater Servant of Makhleb


You were on level 4 of the Snake Pit.
You worshipped Makhleb.
Makhleb was exalted by your worship.
You visited 6 branches of the dungeon, and saw 32 of its levels.
You also visited: Ice Cave.

You collected 3477 gold pieces.
You spent 1827 gold pieces at shops.

Inventory:

Hand Weapons
 j - the +8 frozen axe "Frostbite" (weapon) {freezing cloud, *Noise +Fly rC+}
   (You acquired it on level 1 of the Snake Pit)

   It has been specially enchanted to freeze those struck by it, causing extra
   injury to most foes and up to half again as much damage against particularly
   susceptible opponents.
   It can also slow down cold-blooded creatures.
   It protects you from cold.
   It lets you fly.
   It may make noises in combat.
 q - a +4 great mace of flaming
Missiles
 k - a throwing net
 n - 4 silver javelins
 r - 23 javelins (quivered)
Armour
 d - a +2 hat (worn)
 v - the +2 ratskin cloak (worn) {*Rats rPois rN+ Str-1 Int-1 Dex+1}
   (You found it on level 7 of the Dungeon)

   It affects your strength (-1).
   It affects your intelligence (-1).
   It affects your dexterity (+1).
   It protects you from poison.
   It protects you from negative energy.
 J - a +2 pair of gloves of dexterity (worn)
 Q - a +1 plate armour of willpower (worn)
 T - a +0 pair of boots (worn)
Jewellery
 c - an uncursed ring of protection from fire
 g - an amulet of reflection (around neck)
 h - an uncursed ring of ice
 l - an uncursed ring of ice
 o - an uncursed ring of willpower
 u - the amulet of the Four Winds {rN+ Will+++ Clar}
   (You bought it in a shop on level 1 of the Snake Pit)

   [amulet of nothing]

   It protects you from negative energy.
   It affects your willpower, your defense against some magical effects.
   It protects you against confusion.
 y - a +4 ring of evasion (left hand)
 D - a +4 ring of protection (right hand)
 O - an uncursed ring of resist corrosion
 R - an uncursed ring of see invisible
 W - the ring of the Turtle {Fire rPois Will+}
   (You found it in an ice cave)

   [ring of fire]

   It enhances your fire magic.
   It protects you from fire.
   It makes you vulnerable to cold.
   It protects you from poison.
   It affects your willpower, your defense against some magical effects.
Wands
 z - a wand of digging (4)
 I - a wand of acid (26)
Scrolls
 b - 13 scrolls of teleportation
 i - 20 scrolls of remove curse
 m - 5 scrolls of fear
 p - 5 scrolls of fog
 w - 12 scrolls of identify
 C - 8 scrolls of magic mapping
 F - a scroll of holy word
 M - a scroll of summoning
 N - 3 scrolls of blinking
Potions
 a - 3 potions of mutation
 e - a potion of cancellation
 f - 11 potions of curing
 s - 6 potions of lignification
 t - 4 potions of flight
 x - 2 potions of might
 A - 2 potions of invisibility
 E - 2 potions of heal wounds
 G - 2 potions of haste
 H - 4 potions of attraction
 K - a potion of resistance
 S - 2 potions of berserk rage


   Skills:
 - Level 20.0 Fighting
 + Level 23.7 Axes
 - Level 2.0 Throwing
 - Level 15.6 Armour
 - Level 14.9 Dodging


You had 17 spell levels left.
You didn't know any spells.
Your spell library contained the following spells:

 Spells                   Type           Power        Failure   Level
 Animate Skeleton         Necr           0%           99%         1
 Apportation              Tloc           0%           99%         1
 Corona                   Hex            0%           99%         1
 Foxfire                  Conj/Fire      0%           99%         1
 Magic Dart               Conj           0%           99%         1
 Shock                    Conj/Air       0%           99%         1
 Summon Small Mammal      Summ           0%           99%         1
 Call Imp                 Summ           0%           100%        2
 Searing Ray              Conj           0%           100%        2
 Swiftness                Air            0%           100%        2
 Call Canine Familiar     Summ           0%           100%        3
 Dazzling Flash           Conj/Hex       0%           100%        3
 Lesser Beckoning         Tloc           0%           100%        3
 Static Discharge         Conj/Air       0%           100%        3
 Stone Arrow              Conj/Erth      0%           100%        3
 Summon Guardian Golem    Hex/Summ       0%           100%        3
 Tukima's Dance           Hex            0%           100%        3
 Airstrike                Air            0%           100%        4
 Fulminant Prism          Conj/Hex       0%           100%        4
 Iskenderun's Mystic Bla  Conj/Tloc      0%           100%        4
 Summon Ice Beast         Ice/Summ       0%           100%        4
 Summon Lightning Spire   Summ/Air       0%           100%        4
 Alistair's Intoxication  Tmut/Pois      0%           100%        5
 Bolt of Magma            Conj/Fire/Erth 0%           100%        5
 Irradiate                Conj/Tmut      0%           100%        5
 Iskenderun's Battlesphe  Conj           0%           100%        5
 Lightning Bolt           Conj/Air       0%           100%        5
 Hydra Form               Tmut           0%           100%        6
 Invisibility             Hex            0%           100%        6
 Iron Shot                Conj/Erth      0%           100%        6
 Starburst                Conj/Fire      0%           100%        6
 Statue Form              Tmut/Erth      0%           100%        6
 Dragon Form              Tmut           0%           100%        7
 Orb of Destruction       Conj           0%           100%        7
 Spellforged Servitor     Conj/Summ      0%           100%        7


Dungeon Overview and Level Annotations

Branches:
Dungeon (15/15)            Temple (1/1) D:7            Lair (6/6) D:11
  Swamp (4/4) Lair:4        Snake (4/4) Lair:2        Slime (0/5) Lair:5
    Orc (2/2) D:11            Elf (0/3) Orc:2        Vaults (0/5) D:14
 Depths (0/5) D:15          IceCv (visited)

Altars:
Ashenzari
Cheibriados
Dithmenos
Elyvilon
Fedhas
Gozag
Hepliaklqana
Kikubaaqudgha
Makhleb
Nemelex Xobeh
Okawaru
Qazlal
Ru
Sif Muna
Trog
Uskayaw
Vehumet
Wu Jian
Xom
Yredelemnul
Zin
The Shining One
Beogh

Shops:
D:5 *(=   D:9 *   Orc:2 (!!:(   Snake:1 ==(?   Snake:2 =}=   Snake:4 =

Portals:
Pandemonium: Orc:2
Trove: D:13 (give 14 potions of heal wounds)

Annotations:
Swamp:1 exclusion: oklob plant
Snake:4 Nikola


Innate Abilities, Weirdness & Mutations

You reflexively headbutt those who attack you in melee.
You have a pair of horns on your head.


Message History

You hear a mighty clap of thunder!
The lightning arc hits you!! The lightning arc hits your hell rat!!
Your hell rat dies!
The lightning arc hits you!!!
A hell rat scurries out from under your cloak.
The lightning arc hits Nikola!
The lightning arc hits your hell rat!!
Your hell rat dies!
The lightning arc hits Nikola.
Nikola shouts!
You hear a shout! x4
Things that are here:
a +0 whip; a cursed +0 robe; a naga corpse Nikola hits you but does no damage.
You barely miss Nikola. You headbutt Nikola!
Nikola is severely wounded.
Nikola casts a spell.
You hear a mighty clap of thunder!
The lightning arc hits you!!
* * * LOW HITPOINT WARNING * * *
The lightning arc hits Nikola.
The lightning arc hits you!!
You die...

.##.#.#
###.............#.#...
#..#..####
#...........####...###
#..#.....#
#.........###........
########.#
#......[###....⌠...⌠..
#.###.....†##.............
#.#.......)#.......#####..
#.......†.°)....⌠...<.<...
.#
###.......)#†[...[)[.(....
# ##.....@.#..[()(.[......
# ##...@..##...[..)...⌠..
#........#.............
###
###......##.....(......
.###.#
#####...###..........
.....### ##.## ####.....##
.###...### ## ###'###
###..##..# .. # #..###.#
.##


You could see Nikola.

Vanquished Creatures
  Kirke (D:15)
  Donald (Swamp:4)
  13 nagarajas
  A fenstrider witch (Swamp:4)
  A frost giant (D:15)
  Azrael (D:15)
  2 bunyips (Swamp:4)
  2 ettins
  2 eleionomae
  2 shambling mangroves (Swamp:4)
  Josephine (Orc:2)
  An ogre mage (D:15)
  2 boulder beetles
  22 hydras
  A catoblepas (Lair:6)
  13 naga warriors
  A ghost crab (Swamp:2)
  4 centaur warriors
  13 anacondas
  A death knight (D:13)
  9 two-headed ogres
  16 alligators
  11 death yaks
  3 tengu warriors (D:15)
  A deep troll shaman (Lair:6)
  6 naga sharpshooters
  6 orc high priests (Orc:2)
  8 shock serpents
  3 salamander mystics (Snake:3)
  A shadow wraith (D:14)
  6 skeletal warriors
  A torturous demonspawn (Orc:2)
  A deep troll (D:14)
  An unseen horror (D:15)
  5 goliath frogs
  6 spriggan druids
  An unseen horror (shapeshifter) (D:14)
  A gelid demonspawn (Orc:2)
  3 bog bodies
  4 orc knights (Orc:2)
  11 swamp dragons
  A deep elf mage (D:15)
  15 salamanders
  5 orc sorcerers (Orc:2)
  5 mana vipers
  5 naga ritualists
  A lindwurm (Lair:6)
  3 oklob plants
  5 ugly things
  4 manticores
  2 cyclopes
  A will-o-the-wisp (Swamp:1)
  3 centaur zombies
  7 elephants
  25 black mambas
  2 ice statues (IceCv)
  An orange demon (Orc:2)
  14 naga magi
  2 torpor snails (Lair:6)
  14 guardian serpents
  3 centaur skeletons
  A smoke demon (Orc:2)
  A rime drake (shapeshifter) (D:14)
  15 cane toads
  2 gargoyles (D:10)
  2 kobold demonologists (D:14)
  9 komodo dragons
  7 rime drakes
  A yaktaur (D:15)
  An ice devil (Orc:2)
  2 hellwings (Orc:2)
  7 trolls
  3 meliai (D:14)
  2 freezing wraiths
  3 polar bears
  2 tyrant leeches
  9 blink frogs
  9 slime creatures
  8 hornets
  16 dream sheep
  7 spriggans
  3 shadows
  A vampire (D:12)
  Sigmund (D:3)
  8 wraiths
  A ynoxinul (Orc:2)
  3 fire elementals (D:15)
  2 basilisks
  2 hogs (D:15)
  6 wyverns
  41 yaks
  A neqoxec (Orc:2)
  7 vampire mosquitoes
  2 wargs
  2 soldier ants
  45 nagas
  22 swamp worms
  23 water moccasins
  3 hell hounds (D:15)
  2 acid dragons
  6 swamp drakes
  34 orc warriors
  3 phantoms
  10 ice beasts
  3 black bears
  3 sky beasts
  3 eyes of draining
  A hornet zombie (D:10)
  10 ogres
  20 wolves
  9 centaurs
  3 big kobolds (D:14)
  28 bullfrogs
  A wyvern zombie (D:15)
  3 scorpions
  4 killer bees
  An electric eel (Lair:2)
  5 wights
  3 howler monkeys
  A bullfrog zombie (D:12)
  2 quasits
  3 jellies
  29 orc priests
  Crazy Yiuf (D:7)
  14 hounds
  2 iguanas
  9 orc wizards
  A hell rat (D:7)
  6 worker ants
  A killer bee zombie (D:10)
  A worker ant zombie (D:5)
  A howler monkey skeleton (D:7)
  4 gnolls (D:9)
  19 adders
  6 river rats (D:7)
  4 white imps
  2 ufetubi
  An ooze (D:2)
  An adder zombie (D:8)
  5 worms
  3 dart slugs
  6 leopard geckos
  101 orcs
  4 bats
  4 giant cockroaches
  4 goblins
  6 hobgoblins
  2 jackals (D:5)
  7 kobolds
  3 quokkas
  2 ball pythons
  4 frilled lizards
  A leopard gecko zombie (D:7)
  A quokka skeleton (D:6)
  19 rats
1019 creatures vanquished.

Vanquished Creatures (collateral kills)
  A thorn hunter (Lair:4)
  A hydra (Lair:3)
  A death knight (D:15)
  A death yak (Lair:6)
  A komodo dragon (Lair:4)
  A polar bear (Lair:4)
  A dream sheep (Lair:3)
  A yak (Lair:6)
  An adder (Lair:2)
9 creatures vanquished.

Vanquished Creatures (others)
  A nagaraja (Snake:4)
  A cane toad (Lair:3)
  3 bloated husks
  A human (D:15)
  A basilisk (D:15)
  6 foxfires (Swamp:1)
  18 fungi
  43 plants
  10 toadstools
84 creatures vanquished.

Grand Total: 1112 creatures vanquished

Notes
Turn   | Place    | Note
-------+----------+-------------------------------------------
     0 | D:1      | HoaS the Minotaur Gladiator began the quest for the Orb.
     0 | D:1      | Reached XP level 1. HP: 18/18 MP: 0/0
   111 | D:1      | Reached skill level 4 in Axes
   278 | D:1      | Reached XP level 2. HP: 25/25 MP: 1/1
  1099 | D:2      | Reached skill level 5 in Axes
  1099 | D:2      | Reached XP level 3. HP: 24/30 MP: 2/2
  1223 | D:2      | Found a faded altar of an unknown god.
  1511 | D:3      | Noticed Sigmund
  1522 | D:3      | Killed Sigmund
  1523 | D:3      | Reached skill level 7 in Axes
  1523 | D:3      | Reached XP level 4. HP: 29/37 MP: 3/3
  1523 | D:3      | Reached XP level 5. HP: 33/42 MP: 4/4
  1996 | D:4      | Reached skill level 8 in Axes
  2004 | D:4      | Found a shadowy altar of Dithmenos.
  2008 | D:4      | Found a broken altar of Ashenzari.
  2011 | D:4      | Found a basalt altar of Yredelemnul.
  2014 | D:4      | Found a sacrificial altar of Ru.
  2015 | D:4      | Found a hide-covered altar of Uskayaw.
  2015 | D:4      | Found an ancient bone altar of Kikubaaqudgha.
  2015 | D:4      | Found a white marble altar of Elyvilon.
  2018 | D:4      | Found a snail-covered altar of Cheibriados.
  2020 | D:4      | Found a sparkling altar of Nemelex Xobeh.
  2138 | D:4      | Reached XP level 6. HP: 44/50 MP: 5/5
  2292 | D:4      | Reached skill level 9 in Axes
  2566 | D:4      | You fall into a shaft and drop 1 floor!
  2566 | D:5      | Entered Level 5 of the Dungeon
  2566 | D:5      | Found an iron altar of Okawaru.
  3058 | D:5      | Reached XP level 7. HP: 56/56 MP: 6/6
  3072 | D:5      | Found Uptom's Assorted Antiques.
  3073 | D:5      | Found Qaheyxug's Magic Scroll Shop.
  3075 | D:5      | Found Muklaov's Jewellery Shop.
  3076 | D:5      | Found Sonior's Antique Weapon Shop.
  3188 | D:5      | Reached skill level 10 in Axes
  3346 | D:5      | Found a blossoming altar of Fedhas.
  3393 | D:5      | Found a glowing golden altar of the Shining One.
  3933 | D:6      | Reached skill level 11 in Axes
  4538 | D:7      | Reached XP level 8. HP: 60/62 MP: 7/7
  4626 | D:7      | Found a hide-covered altar of Uskayaw.
  4664 | D:7      | Found a staircase to the Ecumenical Temple.
  4700 | Temple   | Entered the Ecumenical Temple
  4897 | Temple   | Became a worshipper of Makhleb the Destroyer
  4981 | D:7      | Reached skill level 12 in Axes
  5276 | D:7      | Found the +2 ratskin cloak {*Rats rPois rN+ Str-1 Int-1
                  | Dex+1}
  5287 | D:7      | Reached * piety under Makhleb
  5916 | D:7      | Reached skill level 13 in Axes
  5929 | D:7      | Noticed a moth of wrath
  5932 | D:7      | Found a bloodstained altar of Trog.
  6100 | D:7      | Found a runed translucent door.
  6101 | D:7      | Noticed Crazy Yiuf
  6110 | D:7      | Killed Crazy Yiuf
  6485 | D:8      | Reached XP level 9. HP: 46/68 MP: 8/8
  6507 | D:8      | Reached skill level 14 in Axes
  6680 | D:8      | Reached ** piety under Makhleb
  6804 | D:8      | Found an ornate altar of the Wu Jian Council.
  7164 | D:9      | Paralysed by a hornet for 1 turns
  7286 | D:9      | Noticed a troll
  7298 | D:9      | Killed a troll
  7651 | D:9      | Reached skill level 15 in Axes
  7801 | D:9      | Found Vifuch's Serpentskin Sales.
  8037 | D:9      | Noticed a two-headed ogre
  8049 | D:9      | Killed a two-headed ogre
  8050 | D:9      | Reached skill level 16 in Axes
  8572 | D:10     | Entered Level 10 of the Dungeon
  8585 | D:10     | Reached skill level 1 in Armour
  8615 | D:10     | Reached XP level 10. HP: 77/77 MP: 9/9
  8618 | D:10     | Noticed a gargoyle
  8620 | D:10     | Killed a gargoyle
  8728 | D:10     | Noticed a two-headed ogre
  8734 | D:10     | Killed a two-headed ogre
  8735 | D:10     | Reached skill level 5 in Fighting
  8903 | D:10     | Reached skill level 5 in Dodging
  9098 | D:10     | Noticed a gargoyle
  9136 | D:10     | Reached *** piety under Makhleb
  9142 | D:10     | Killed a gargoyle
  9143 | D:10     | Reached skill level 5 in Armour
  9354 | D:10     | Found a stormy altar of Qazlal.
  9596 | D:11     | Identified the Collected Works on Dislocation and
                  | Conjuration
  9701 | D:11     | Found a staircase to the Lair.
  9701 | D:11     | Noticed an oklob plant
  9715 | D:11     | Killed an oklob plant
  9716 | D:11     | Reached XP level 11. HP: 95/95 MP: 10/10
  9721 | D:11     | Noticed an oklob plant
  9734 | Lair:1   | Entered Level 1 of the Lair of Beasts
 10063 | Lair:1   | Reached skill level 10 in Fighting
 10067 | Lair:1   | Reached **** piety under Makhleb
 10173 | Lair:1   | Noticed an oklob plant
 10403 | Lair:2   | Noticed a six-headed hydra
 10415 | Lair:2   | Killed a seven-headed hydra
 10459 | Lair:2   | Found a staircase to the Snake Pit.
 11016 | Lair:3   | Noticed a death yak
 11016 | Lair:3   | Noticed a death yak
 11016 | Lair:3   | Noticed a death yak
 11016 | Lair:3   | Noticed a death yak
 11017 | Lair:3   | Noticed a death yak
 11020 | Lair:3   | Noticed a death yak
 11047 | Lair:2   | Killed a death yak
 11048 | Lair:2   | Reached XP level 12. HP: 100/112 MP: 11/11
 11061 | Lair:2   | Killed a death yak
 11181 | Lair:2   | Killed a death yak
 11200 | Lair:2   | Killed a death yak
 11303 | Lair:2   | Killed a death yak
 11320 | Lair:2   | Killed a death yak
 11652 | Lair:3   | Noticed a six-headed hydra
 11664 | Lair:3   | Killed a nine-headed hydra
 12894 | Lair:4   | Found a staircase to the Swamp.
 12900 | Lair:4   | Reached ***** piety under Makhleb
 12928 | Lair:3   | Reached skill level 10 in Armour
 13120 | Lair:4   | Reached skill level 10 in Dodging
 13279 | Lair:4   | Noticed an alligator
 13289 | Lair:4   | Killed an alligator
 13581 | Lair:5   | Found a staircase to the Slime Pits.
 13589 | Lair:5   | Reached XP level 13. HP: 124/124 MP: 12/12
 13934 | Lair:5   | Reached skill level 17 in Axes
 14276 | Lair:6   | Entered Level 6 of the Lair of Beasts
 14374 | Lair:6   | Reached skill level 18 in Axes
 14409 | Lair:6   | Got a crystal broad axe
 14427 | Lair:5   | Identified the +6 broad axe "Teawkyas" {flame, rN+ Stlth+}
                  | (You found it on level 6 of the Lair of Beasts)
 14569 | Lair:6   | Reached skill level 19 in Axes
 14849 | Lair:6   | Reached XP level 14. HP: 122/132 MP: 13/13
 15013 | Lair:6   | Reached ****** piety under Makhleb
 15054 | Lair:6   | Reached skill level 20 in Axes
 15908 | D:11     | Found a staircase to the Orcish Mines.
 17308 | Orc:1    | Entered Level 1 of the Orcish Mines
 17448 | Orc:1    | Reached skill level 15 in Fighting
 17552 | Orc:1    | Found a roughly hewn altar of Beogh.
 17597 | Orc:2    | Entered Level 2 of the Orcish Mines
 17597 | Orc:2    | Found a staircase to the Elven Halls.
 17598 | Orc:2    | Noticed Josephine
 17759 | Orc:2    | Killed Josephine
 17952 | Orc:2    | Found Difof's Weapon Shop.
 18081 | Orc:2    | Found Cusut's Distillery.
 18151 | Orc:2    | Found Gien's Distillery.
 18245 | Orc:2    | Found a roughly hewn altar of Beogh.
 18734 | Orc:2    | Found Cooc's Book Shop.
 18734 | Orc:2    | Found Laghausk's Antique Weapon Boutique.
 18735 | Orc:2    | Found a one-way gate leading to the halls of Pandemonium.
 19393 | D:13     | Found a portal to a secret trove of treasure.
 19404 | D:13     | Reached XP level 15. HP: 137/144 MP: 14/14
 19519 | D:13     | Found a frozen archway.
 19555 | IceCv    | Entered an ice cave
 19573 | IceCv    | Found a transporter.
 19596 | IceCv    | Found a transporter.
 19618 | IceCv    | Got an ancient ivory ring
 19650 | IceCv    | Identified a scroll of acquirement
 19650 | IceCv    | Acquired the +8 battleaxe of Forgiveness {flame, +Blink rF+
                  | rC+ Str+6}
 19654 | IceCv    | Identified the ring of the Turtle {Fire rPois Will+} (You
                  | found it in an ice cave)
 20023 | D:14     | Found a shadowy altar of Dithmenos.
 20621 | D:14     | Found a gate to the Vaults.
 20830 | D:15     | Entered Level 15 of the Dungeon
 20922 | D:15     | Noticed Kirke
 20925 | D:15     | Noticed a sphinx
 20931 | D:15     | Killed Kirke
 21027 | D:15     | Noticed Azrael
 21044 | D:15     | Killed Azrael
 21414 | D:15     | Noticed a frost giant
 21415 | D:15     | Found a staircase to the Depths.
 21418 | D:15     | Killed a frost giant
 21657 | Swamp:1  | Entered Level 1 of the Swamp
 21657 | Swamp:1  | Noticed a thorn hunter
 21675 | Lair:4   | Reached XP level 16. HP: 113/157 MP: 15/15
 21678 | Lair:4   | Killed a thorn hunter
 23332 | Swamp:4  | Entered Level 4 of the Swamp
 23378 | Swamp:4  | Identified the cursed -2 kite shield of Pan-Flutes {rPois
                  | rN++ Will-}
 23378 | Swamp:4  | Noticed Donald
 23388 | Swamp:4  | Killed Donald
 23707 | Swamp:4  | Reached skill level 15 in Armour
 23707 | Swamp:4  | Reached XP level 17. HP: 170/170 MP: 16/16
 23756 | Swamp:4  | Got a decaying rune of Zot
 24163 | Snake:1  | Entered Level 1 of the Snake Pit
 24367 | Snake:1  | Acquired the +8 frozen axe "Frostbite" {freezing cloud,
                  | *Noise +Fly rC+}
 24368 | Snake:1  | Found the +8 frozen axe "Frostbite" {freezing cloud, *Noise
                  | +Fly rC+}
 24404 | Snake:1  | Found a sparkling altar of Nemelex Xobeh.
 24621 | D:5      | Bought an uncursed amulet of reflection for 390 gold pieces
 24837 | Snake:1  | Found Hofe Jye's Jewellery Emporium.
 24839 | Snake:1  | Found Loiggo's Antique Weapon Shoppe.
 24839 | Snake:1  | Found Quwkuriz's Jewellery Emporium.
 24842 | Snake:1  | Found Hexagu's Magic Scroll Shoppe.
 24850 | Snake:1  | Bought an uncursed ring of willpower for 400 gold pieces
 24859 | Snake:1  | Bought the amulet of the Four Winds {rN+ Will+++ Clar} for
                  | 702 gold pieces
 24859 | Snake:1  | Found the amulet of the Four Winds {rN+ Will+++ Clar}
 24865 | Snake:1  | Bought a scroll of magic mapping for 52 gold pieces
 24865 | Snake:1  | Bought a scroll of teleportation for 45 gold pieces
 25382 | Snake:2  | Reached skill level 21 in Axes
 25410 | Snake:2  | Found Zimnep's Jewellery Emporium.
 25411 | Snake:2  | Found Vaulosea's Gadget Shop.
 25412 | Snake:2  | Found Kiffyppi's Jewellery Emporium.
 25423 | Snake:2  | Bought a cursed ring of resist corrosion for 238 gold
                  | pieces
 25691 | Snake:2  | Acquired 378 gold pieces
 26445 | Snake:3  | Reached skill level 22 in Axes
 26628 | Snake:3  | Reached XP level 18. HP: 175/178 MP: 17/17
 27111 | Snake:4  | Entered Level 4 of the Snake Pit
 27634 | Snake:3  | Reached skill level 23 in Axes
 27842 | Snake:4  | Found Goef's Jewellery Shoppe.
 28243 | Snake:4  | Noticed Nikola
 28258 | Snake:4  | Killed from afar by Nikola

Illustrated notes

Levels and vault maps discovered:
D:1:      tarquinn_simple_flora_water_d, layout_basic
D:2:      layout_rooms, chequers_ecumenical_altar_island,
          amcnicky_mini_pool_small, minmay_gold_behind_fungi
D:3:      layout_basic, uniq_sigmund
D:4:      layout_loops_ring, minitemple, kennysheep_generic_room_4
D:5:      layout_loops_ring, hangedman_feature_mirror, minmay_shop_grid_forest,
          lemuel_tele_altar
D:6:      layout_basic
D:7:      wander_guarded_unrand_ratskin, layout_cave_pools, tgw_trog,
          minmay_temple_entry_overgrown, basic_altar, nrook_mini_backslash,
          uniq_crazy_yiuf_cottage
D:8:      layout_cave_pods, nzn_wu_jian_contemplation, minmay_quadrilaterals
D:9:      layout_stronghold, serial_co_window_serial, co_window_paths_a,
          co_window_paths_b, co_window_paths_b, co_window_paths_a,
          co_window_paths_a, co_window_broadway_c, co_window_broadway_b,
          co_window_2corner, glass_columns_a, glass_columns_a, glass_columns_a,
          glass_columns_a, guppyfry_shop_venom
D:10:     minmay_clustersquares, layout_irregular_city,
          nicolae_qazlal_style_of_elements
D:11:     layout_loops_corners, dpeg_oklobed_lair, hiddenorc1_lemuel,
          chequers_big_river
D:12:     layout_gridville, special_room [special_room_orc]
D:13:     layout_roguey, enter_trove_2, portal_ice_cave_entry_pillars_1
D:14:     layout_irregular_city, david_vaults_4, nicolae_dithmenos_the_darkroom
D:15:     grunt_enter_depths_snipers, layout_cave_pools, evilmike_butchery,
          uniq_azrael, uniq_kirke
Temple:   minmay_temple_curvy_loop
Lair:1:   layout_big_grid, minmay_lair_oklob_items
Lair:2:   layout_regular_city, dummy_snake_entry, cheibrodos_lair_reptile_den,
          infiniplex_staircase_pool, lemuel_fruit_tree
Lair:3:   layout_chaotic_city, grunt_megastairs_5, infiniplex_staircase_pool_2
Lair:4:   nzn_winding_woodlands_medium [nzn_winding_woodlands_hourglass,
          nzn_winding_woodlands_5x15_pockets, nzn_winding_woodlands_5x5_three,
          nzn_winding_woodlands_5x5_cross,
          nzn_winding_woodlands_center_diamonds,
          nzn_winding_woodlands_5x5_closed_star,
          nzn_winding_woodlands_5x5_checkerboard,
          nzn_winding_woodlands_5x15_lazy_stream,
          nzn_winding_woodlands_5x5_open_star], layout_cave_shapes,
          minmay_swamp_entry_worms, minivault_19
Lair:5:   layout_gridlike, minmay_slime_entry_pillars
Lair:6:   grunt_lair_end_beastmaster, layout_cave_pods, grunt_megastairs_2
Swamp:1:  cheibrodos_swamp_tower_of_moss, layout_falls_marsh,
          evilmike_swamp_ruin_house_2, swamp_pool1,
          nicolae_swamp_oklob_treasure_island
Swamp:2:  layout_falls_marsh, evilmike_swamp_ruin_rubble_2, swamp_pool5
Swamp:3:  layout_falls_marsh, hangedman_swamp_ruin_wall
Swamp:4:  swamp, layout_basic_swamp, uniq_donald
Snake:1:  layout_rooms, basic_altar, minmay_shoptagon
Snake:2:  layout_honeycomb, drop_trap, minmay_shop_grove
Snake:3:  layout_onion_interference
Snake:4:  snake_hunt, layout_layer_cave, serial_shops, shop, st_stairs_11,
          serial_bayou_shore_b, uniq_nikola
Orc:1:    layout_diamond_mine, nicolae_orc_flooded_monolith,
          david_defended_altar_orc
Orc:2:    pf_orc_diabolical, layout_caves, serial_shops,
          nicolae_shop_behind_doors, basic_altar, uniq_josephine

Skill      XL: |  1  2  3  4  5  6  7  8  9 10 11 12 13 14 15 16 17 18 |
---------------+-------------------------------------------------------+-----
Axes           | 4 5 7 8 9 11 13 16 19 20 22 23 | 23.7
Fighting       | 3 8 11 14 16 18 20 | 20.0
Armour         | 1 5 8 10 11 13 15 | 15.6
Dodging        | 6 8 10 11 12 14 | 14.9
Throwing       | |  2.0

Action                   |  1- 3 |  4- 6 |  7- 9 | 10-12 | 13-15 | 16-18 || total
-------------------------+-------+-------+-------+-------+-------+-------++-------
Melee: War axe           |    44 |    90 |   332 |   563 |       |       ||  1029
       Headbutt          |     7 |    21 |    61 |   137 |   254 |   188 ||   668
       Morningstar       |       |       |       |     3 |    14 |       ||    17
       Battleaxe         |       |       |       |     5 |   352 |   370 ||   727
       Broad axe         |       |       |       |       |   515 |       ||   515
       Executioner's axe |       |       |       |       |       |   340 ||   340
Throw: Boomerang         |     5 |       |       |       |       |       ||     5
       Throwing net      |     1 |       |     3 |       |       |       ||     4
       Javelin           |       |       |     3 |     9 |     1 |       ||    13
       Dart              |       |       |     1 |       |       |       ||     1
Evoke: Wand              |       |       |       |    15 |       |       ||    15
  Use: Scroll            |     6 |     5 |     9 |     4 |    10 |    10 ||    44
       Potion            |       |       |     2 |     1 |       |       ||     3
 Stab: Held in net/web   |       |       |     2 |       |       |       ||     2
       Distracted        |       |       |       |       |     1 |     1 ||     2
       Confused          |       |       |       |       |       |     3 ||     3
Armor: Scale mail        |    19 |    38 |    91 |       |       |       ||   148
       Chain mail        |       |       |    41 |    10 |       |       ||    51
       Plate armour      |       |       |       |   235 |   405 |   404 ||  1044
Dodge: Dodged            |    26 |    50 |   188 |   279 |   688 |   726 ||  1957
Block: Other             |       |       |       |       |       |    65 ||    65
       Reflection        |       |       |       |       |       |     9 ||     9

Table legend: (Time is in decaauts)
 A = Elapsed time spent in this place.
 B = Non-inter-level travel time spent in this place.
 C = Inter-level travel time spent in this place.
 D = Time resting spent in this place.
 E = Time spent auto-exploring this place.
 F = Levels seen in this place.
 G = Mean time per level.
                   A        B        C        D        E       F      G
               +--------+--------+--------+--------+--------+-----+--------+
         Total |  27967 |  25451 |   2516 |   4234 |  16091 |  33 |  847.5 |
       Dungeon |  13518 |  12533 |    985 |   2283 |   8062 |  15 |  901.2 |
        Temple |    220 |    188 |     32 |      0 |    186 |   1 |  220.0 |
          Lair |   6618 |   5525 |   1093 |    926 |   3473 |   6 | 1103.0 |
         Swamp |   2555 |   2361 |    194 |    293 |   1493 |   4 |  638.8 |
     Snake Pit |   3452 |   3306 |    146 |    471 |   2142 |   4 |  863.0 |
  Orcish Mines |   1480 |   1416 |     64 |    261 |    707 |   2 |  740.0 |
      Ice Cave |    120 |    120 |      0 |      0 |     27 |   1 |  120.0 |
               +--------+--------+--------+--------+--------+-----+--------+

Top non-repeatable levels by time:
     D:7: 1482 daAuts
  Lair:2: 1477 daAuts
    D:11: 1361 daAuts
 Snake:3: 1309 daAuts
  Lair:6: 1291 daAuts
  Lair:4: 1270 daAuts
     D:9: 1216 daAuts
     D:8: 1196 daAuts
   Orc:2: 1028 daAuts
 Snake:2: 977 daAuts
  Lair:3: 935 daAuts
     D:5: 932 daAuts
     D:4: 874 daAuts
    D:10: 862 daAuts
  Lair:5: 856 daAuts
